 Dungeon Sprint DCSS version 0.27.1-33-g824d729ab1 (webtiles) character file.

Game seed: 11061406559494382642

13519 manyhoops the Ninja (level 11, -10/47 HPs)
             Began as a Spriggan Enchanter on Dec 3, 2021.
             Was the Champion of Dithmenos.
             Killed from afar by a fire giant (25 damage)
             ... with a bolt of fire
             ... in the Dungeon (Sprint I: "Red Sonja").
             The game lasted 00:10:53 (1755 turns).

manyhoops the Ninja (Spriggan Enchanter)            Turns: 1755, Time: 00:10:53

Health: -10/47     AC:  9    Str:  4    XL:     11   Next: 76%
Magic:  12/16      EV: 16    Int: 16    God:    Dithmenos [******]
Gold:   604        SH:  0    Dex: 20    Spells: 6/15 levels left

rFire    + . .     SeeInvis +   r - +9 quick blade "Xikaeten" {venom, rF+}
rCold    . . .     Faith    .   (shield restricted)
rNeg     . . .     Spirit   .   j - +4 troll leather armour of True Grit {rElec Regen+ Int-2 Dex+2 Stlth+}
rPois    .         Reflect  .   (helmet restricted)
rElec    +         Harm     .   g - +0 cloak
rCorr    .         Rampage  .   (gloves unavailable)
Will     ++...     NoTele   +   (boots unavailable) Stlth **********
                                (no amulet)
HPRegen  1.15/turn              l - ring of willpower
MPRegen  0.15/turn              (no ring)

@: wreathed by umbra, very quick
A: very small, no large weapons, unfitting armour, see invisible, speed 3
a: Renounce Religion, Shadow Step, Shadow Form


You were in the Dungeon.
You worshipped Dithmenos.
Dithmenos was exalted by your worship.
You visited 1 branch You collected 2893 gold pieces.
You spent 2289 gold pieces at shops.

Inventory:

Hand Weapons
 r - the +9 quick blade "Xikaeten" (weapon) {venom, rF+}
   (You acquired it in the Dungeon)

   It poisons the flesh of those it strikes.
   rF:        It protects you from fire.
Armour
 g - a +0 cloak (worn)
 i - a scarf of harm
 j - the +4 troll leather armour of True Grit (worn) {rElec Regen+ Int-2 Dex+2 Stlth+}
   (You bought it in a shop in the Dungeon)

   Int:       It affects your intelligence (-2).
   Dex:       It affects your dexterity (+2).
   rElec:     It insulates you from electricity.
   Regen:     It increases your rate of health regeneration.
   Stlth:     It makes you more stealthy.
Jewellery
 l - a ring of willpower (left hand)
Wands
 m - a wand of polymorph (17)
Scrolls
 b - a scroll of amnesia {unknown}
 h - 2 scrolls of blinking
 k - a scroll of identify {unknown}
 p - 2 scrolls of fog
Potions
 a - a potion of berserk rage
 c - 3 potions of curing
 d - a potion of heal wounds
 e - a potion of haste
 f - 2 potions of magic
 n - 2 potions of lignification {unknown}
 o - a potion of ambrosia {unknown}
 q - 2 potions of might


   Skills:
 + Level 19.9 Short Blades
 - Level 2.6 Dodging
 O Level 27 Stealth
 - Level 2.6 Spellcasting
 - Level 12.0 Hexes


You had 6 spell levels left.
You knew the following spells:

 Your Spells              Type           Power      Damage    Failure   Level
a - Corona                Hex            44%        N/A       1%          1
b - Ensorcelled Hibernat  Hex/Ice        42%        N/A       4%          2
c - Confusing Touch       Hex            40%        N/A       1%          3
d - Dazzling Flash        Conj/Hex       42%        N/A       9%          3

Your spell library contained the following spells:

 Spells                   Type           Power      Damage    Failure   Level
 Tukima's Dance           Hex            40%        N/A       1%          3
 Animate Dead             Necr           1%         N/A       98%         4
 Haunt                    Necr/Summ      1%         N/A       100%        7
 Infestation              Necr           1%         N/A       100%        8


Dungeon Overview and Level Annotations

Branches:
Dungeon (1/1)

Altars:
Cheibriados
Dithmenos
Elyvilon
Fedhas
Gozag
Hepliaklqana
Kikubaaqudgha
Makhleb
Nemelex Xobeh
Okawaru
Qazlal
Ru
Sif Muna
Trog
Uskayaw
Vehumet
Wu Jian
Xom
Yredelemnul
Zin
The Shining One
Jiyva
Lugonu

Shops:
D [[=?!*==[((:*(*[?


Innate Abilities, Weirdness & Mutations

You are very small and have problems with some larger weapons.
You are too small for most types of armour.
You have supernaturally acute eyesight. (SInv)
You cover ground extremely quickly. (Speed+++)


Message History

There is an arrow trap here.
Unknown command.
You close the door.
You avoid triggering an arrow trap.
There is an arrow trap here.
There is an open door here.
There is an open door, spattered with blood here.
You start resting.
Magic restored.
There is an open door, spattered with blood here.
You close the door.
You open the door.
There is an open door here.
The daeva shouts!
There is an open door here.
There is an open door here.
Aiming: Shadow Step
Press: ? - help, Dir - move target, f - fire giant
Aim: a fire giant, wielding a +1 great sword of flaming (wandering, hasn't noticed you, umbra)
You step into the fire giant's shadow.
The fire giant shouts! x2
You hit the fire giant.
The fire giant is poisoned.
The fire giant is lightly wounded.
Unknown command.
Casting: Ensorcelled Hibernation (safe; 4% risk of failure)
Confirm with . or Enter, or press ? or * to list all spells.
Aiming: Ensorcelled Hibernation (safe; 4% risk of failure)
Press: ? - help, Shift-Dir - straight line, f/p - fire giant
Aim: a fire giant, wielding a +1 great sword of flaming (lightly wounded, very poisoned, umbra, chance to affect: 8%)
Okay, then.
The fire giant hits you with a +1 great sword of flaming!!
Ouch! That really hurt!
You emit a cloud of dark smoke.
The fire giant burns you.
* * * LOW HITPOINT WARNING * * *
Unknown command.
Okay, then.
The fire giant casts a spell at you. The bolt of fire hits you!! You resist.
Ouch! That really hurt!
You die...

##'###§§§#§§§..#..###$#
m≈e##+#.§
##.§§#○§§###++##.##..$#
.≈##§§§§. [###§#☼°##
#..#+### #§^^.§§
.∩##.#○.# ##...#
#.^.§.. ####§##+# ###.#
#.....D[ ..##.# #.#
#.....D. ...§.# #.#
##..^.§. ####§# ####'#
#$$$$$$ §§§#§# ###@§..#
##$$$$$
§.#§.#[$(#####C§§####
##[))$
§§####(....).§§###
##### ≈≈# ?$..C.#####
≈## /.... ## .C.. ###
$$$ ∩∩# ## ∩## ≈


You could see a fire giant (very poisoned).

Vanquished Creatures
  A fire giant (D)
  A lorocyproca (D)
  2 centaur warriors (D)
  A hydra (D)
  Sonja (D)
  A deep troll (D)
  A lindwurm (D)
  An oklob plant (D)
  A gargoyle (D)
  7 unseen horrors (D)
  2 kobold demonologists (D)
  4 demonic crawlers (D)
  A slime creature (D)
  A hornet (D)
  Sigmund (D)
  2 redbacks (D)
  13 hogs (D)
  A yak (D)
  3 floating eyes (D)
  7 necrophages (D)
  An ogre (D)
  8 jellies (D)
  Ijyb (D)
62 creatures vanquished.

Vanquished Creatures (others)
  A gargoyle (D)
  2 ballistomycete spores (D)
3 creatures vanquished.

Grand Total: 65 creatures vanquished

Notes
Turn   | Place    | Note
-------+----------+-------------------------------------------
     0 | D        | manyhoops the Spriggan Enchanter began the quest for the
                  | Orb.
     0 | D        | Reached XP level 1. HP: 9/9 MP: 5/5
     1 | D        | Noticed Ijyb
     7 | D        | Killed Ijyb
     8 | D        | Reached skill level 10 in Stealth
     8 | D        | Reached XP level 2. HP: 13/13 MP: 6/6
    57 | D        | Noticed an ogre
    60 | D        | Killed an ogre
    61 | D        | Reached skill level 14 in Stealth
    61 | D        | Reached XP level 3. HP: 16/16 MP: 8/8
    61 | D        | Reached XP level 4. HP: 21/21 MP: 9/9
    64 | D        | Learned a level 2 spell: Ensorcelled Hibernation
    68 | D        | Learned a level 3 spell: Confusing Touch
    77 | D        | Noticed Sigmund
    80 | D        | Killed Sigmund
    81 | D        | Reached skill level 18 in Stealth
    81 | D        | Reached XP level 5. HP: 24/24 MP: 10/10
    81 | D        | Reached XP level 6. HP: 28/28 MP: 11/11
    84 | D        | Killed a gargoyle
    92 | D        | Found an ornate altar of the Wu Jian Council.
    92 | D        | Found a shimmering blue altar of Sif Muna.
    94 | D        | Found a radiant altar of Vehumet.
    99 | D        | Found Oghuw's Armour Emporium.
    99 | D        | Found an ancient bone altar of Kikubaaqudgha.
    99 | D        | Found a hazy altar of Hepliaklqana.
    99 | D        | Found a stormy altar of Qazlal.
    99 | D        | Found a hide-covered altar of Uskayaw.
    99 | D        | Found a blossoming altar of Fedhas.
    99 | D        | Found a bloodstained altar of Trog.
    99 | D        | Found an iron altar of Okawaru.
    99 | D        | Found a basalt altar of Yredelemnul.
    99 | D        | Found a glowing golden altar of the Shining One.
    99 | D        | Found a snail-covered altar of Cheibriados.
    99 | D        | Found a sacrificial altar of Ru.
    99 | D        | Found a glowing silver altar of Zin.
    99 | D        | Found a shadowy altar of Dithmenos.
    99 | D        | Found a white marble altar of Elyvilon.
    99 | D        | Noticed a yak
   100 | D        | Found an opulent altar of Gozag.
   101 | D        | Killed a yak
   102 | D        | Reached skill level 20 in Stealth
   102 | D        | Found a sparkling altar of Nemelex Xobeh.
   108 | D        | Became a worshipper of Dithmenos the Shadowed
   111 | D        | Bought a +0 cloak for 63 gold pieces
   145 | D        | Found a viscous altar of Jiyva.
   145 | D        | Found a corrupted altar of Lugonu.
   145 | D        | Noticed a slime creature
   146 | D        | Found a burning altar of Makhleb.
   146 | D        | Found a shimmering altar of Xom.
   148 | D        | Killed a slime creature
   149 | D        | Reached skill level 21 in Stealth
   149 | D        | Reached XP level 7. HP: 32/32 MP: 12/12
   156 | D        | Noticed Sonja
   160 | D        | Killed Sonja
   160 | D        | Reached * piety under Dithmenos
   161 | D        | Reached skill level 24 in Stealth
   161 | D        | Reached XP level 8. HP: 36/36 MP: 13/13
   168 | D        | Found Pofykeiv's Armour Boutique.
   191 | D        | Noticed a deep troll
   195 | D        | Killed a deep troll
   196 | D        | Reached skill level 25 in Stealth
   201 | D        | Found Nekkicier's Armour Emporium.
   206 | D        | Bought a scarf of harm for 90 gold pieces
   324 | D        | Bought the +4 troll leather armour of True Grit {rElec
                  | Regen+ Int-2 Dex+2 Stlth+} for 518 gold pieces
   365 | D        | Noticed a kobold demonologist
   366 | D        | Noticed a kobold demonologist
   370 | D        | Killed a kobold demonologist
   370 | D        | Reached ** piety under Dithmenos
   371 | D        | Reached skill level 26 in Stealth
   371 | D        | Reached XP level 9. HP: 39/39 MP: 14/14
   372 | D        | Killed a kobold demonologist
   373 | D        | Reached skill level 27 in Stealth
   377 | D        | Learned a level 3 spell: Dazzling Flash
   379 | D        | Noticed a demonic crawler
   379 | D        | Noticed a demonic crawler
   379 | D        | Noticed a demonic crawler
   379 | D        | Noticed a demonic crawler
   381 | D        | Killed a demonic crawler
   382 | D        | Reached skill level 5 in Hexes
   416 | D        | Noticed a centaur warrior
   417 | D        | Noticed a centaur warrior
   420 | D        | Killed a centaur warrior
   422 | D        | Killed a centaur warrior
   422 | D        | Reached *** piety under Dithmenos
   434 | D        | Reached skill level 10 in Hexes
   434 | D        | Reached XP level 10. HP: 44/44 MP: 15/15
   443 | D        | Noticed an oklob plant
   445 | D        | Killed an oklob plant
   454 | D        | Reached **** piety under Dithmenos
   455 | D        | Reached skill level 10 in Short Blades
   494 | D        | Reached ***** piety under Dithmenos
   667 | D        | Reached ****** piety under Dithmenos
   688 | D        | Found Cifoad's Magic Scroll Shoppe.
   688 | D        | Found Zoliap's Jewellery Shop.
   688 | D        | Found Uhuacs's Distillery.
   690 | D        | Found Mium's General Store.
   690 | D        | Found Xuhig's Jewellery Shop.
   690 | D        | Found Sofaz's Jewellery Shoppe.
   690 | D        | Found Utuzyfos's Armour Boutique.
   690 | D        | Found Oddoi's Antique Weapon Emporium.
   690 | D        | Found Soevuk's Antique Weapon Shop.
   690 | D        | Found Erphufu's Book Shoppe.
   691 | D        | Bought a scroll of fog for 22 gold pieces
   691 | D        | Bought a scroll of blinking for 82 gold pieces
   691 | D        | Bought a scroll of fog for 22 gold pieces
   693 | D        | Bought 2 potions of might for 80 gold pieces
   693 | D        | Found Zoamn's Assorted Antiques.
   694 | D        | Found Eceal's General Store.
   694 | D        | Found Rojod's Antique Weapon Boutique.
   695 | D        | Found Vaot's Magic Scroll Emporium.
   702 | D        | Bought a scroll of acquirement for 676 gold pieces
   702 | D        | Acquired 269 gold pieces
   708 | D        | Bought a scroll of acquirement for 572 gold pieces
   708 | D        | Acquired the +9 quick blade "Xikaeten" {venom, rF+}
  1109 | D        | Noticed a lindwurm
  1111 | D        | Killed a lindwurm
  1125 | D        | Reached skill level 15 in Short Blades
  1125 | D        | Reached XP level 11. HP: 47/47 MP: 16/16
  1301 | D        | Noticed a 12-headed hydra
  1317 | D        | Killed a 12-headed hydra
  1427 | D        | Bought a scroll of blinking for 82 gold pieces
  1427 | D        | Bought a scroll of blinking for 82 gold pieces
  1514 | D        | Noticed a lorocyproca
  1516 | D        | Killed a lorocyproca
  1566 | D        | Noticed a daeva
  1610 | D        | Noticed a fire giant
  1611 | D        | Noticed a fire giant
  1611 | D        | Noticed a fire giant
  1611 | D        | Noticed a fire giant
  1612 | D        | Killed a fire giant
  1635 | D        | Noticed a deep elf annihilator
  1686 | D        | Noticed a shadow dragon
  1686 | D        | Noticed a golden dragon
  1755 | D        | Killed from afar by a fire giant

Illustrated notes

Levels and vault maps discovered:
D:        dungeon_sprint_1 [red_sonja_temple_1, red_sonja_temple_small_1]

Skill      XL: |  1  2  3  4  5  6  7  8  9 10 11 |
---------------+----------------------------------+-----
Stealth        | 10 14 18 21 24 26 27 | 27.0
Short Blades   | 9 15 19 | 19.9
Hexes          | 10 12 | 12.0
Dodging        | |  2.6
Spellcasting   | |  2.6

Action                   |  1- 3 |  4- 6 |  7- 9 | 10-12 || total
-------------------------+-------+-------+-------+-------++-------
Melee: Dagger            |     4 |     4 |     9 |    36 ||    53
       Quick blade       |       |       |       |    96 ||    96
 Cast: Ensorcelled Hiber |       |     1 |       |    13 ||    14
       Dazzling Flash    |       |       |       |    10 ||    10
       Confusing Touch   |       |       |       |     8 ||     8
Invok: Shadow Step       |       |       |       |     5 ||     5
  Use: Potion            |     1 |       |       |       ||     1
       Scroll            |       |       |       |     4 ||     4
 Stab: Sleeping          |     2 |     4 |     9 |    30 ||    45
       Confused          |       |       |       |     6 ||     6
       Invisible         |       |       |       |     4 ||     4
       Distracted        |       |       |       |     2 ||     2
Armor: Robe              |       |     1 |       |       ||     1
       Troll leather arm |       |       |       |    30 ||    30
Dodge: Dodged            |     1 |       |       |    76 ||    77
